 Dungeon Crawl Stone Soup version 0.19.1 (webtiles) character file.

480564 Jraekied the Warrior (level 23, -1/188 HPs)
             Began as a Demonspawn Gladiator on Dec 18, 2016.
             Was the Champion of Kikubaaqudgha.
             Killed from afar by an acid blob (3 damage)
             ... with a splash of acid
             ... on level 5 of the Pits of Slime on Dec 20, 2016.
             The game lasted 05:11:02 (65479 turns).

Jraekied the Warrior (Demonspawn Gladiator)        Turns: 65479, Time: 05:11:04

Health: -1/188     AC: 18    Str: 19 (21) XL:     23   Next: 70%
Magic:  31/31      EV: 15    Int: 12      God:    Kikubaaqudgha [******]
Gold:   3618       SH:  0    Dex: 16      Spells: 8 memorised, 5 levels left

rFire  + + .     SeeInvis +     a - +10 war axe of Utzuqav {drain, SInv Stlth+}
rCold  + . .     Gourm    .     I - +4 chain mail {rC+}
rNeg   + + .     Faith    .     e - +18 shield of the Gong {rElec rN+ MR+ EV-5}
rPois  +         Spirit   .     (helmet unavailable)
rElec  +         Reflect  +     o - +2 cloak {rPois}
rCorr  +         Harm     .     Z - +0 pair of gloves (curse)
MR     ++...                    M - +2 pair of boots
Stlth  ..........               D - +6 amulet of reflection
                                T - ring of protection from fire
                                x - ring of resist corrosion

@: confused, corroded, repel missiles
A: horns 3, repulsion field 3, blink, deterioration 2, fire resistance 1,
negative energy resistance 1, screaming 1, spiny 2, 50% torment resistance,
flame cloud immunity, subdued magic 2
a: Blink, Receive Corpses, Torment, Renounce Religion
}: 2/15 runes: barnacled, gossamer


You were on level 5 of the Pits of Slime.
You worshipped Kikubaaqudgha.
Kikubaaqudgha was exalted by your worship.
You were not hungry.

You visited 9 branches of the dungeon, and saw 48 of its levels.
You also visited: Volcano.

You collected 5790 gold pieces.
You spent 2172 gold pieces at shops.

Inventory:

Hand Weapons
 a - the +10 war axe of Utzuqav (weapon) {drain, SInv Stlth+}
   (You found it on level 2 of the Depths)

   A truly terrible weapon, it drains the life of those it strikes.
   It lets you see invisible.
   It makes you more stealthy.
 t - the +11 battleaxe "Botus" {chop, rF- Dex+4}
   (You took it off a deep elf sorcerer on level 3 of the Elven Halls)

   It inflicts extra damage upon your enemies.
   It affects your dexterity (+4).
   It makes you vulnerable to fire.
 F - a +9 war axe of pain
Armour
 e - the +18 shield of the Gong (worn) {rElec rN+ MR+ EV-5}
   (You found it on level 8 of the Dungeon)

   It affects your evasion (-5).
   It insulates you from electricity.
   It protects you from negative energy.
   It affects your resistance to hostile enchantments.
 o - a +2 cloak of poison resistance (worn)
 I - a +4 chain mail of cold resistance (worn)
 M - a +2 pair of boots (worn)
 Z - a cursed +0 pair of gloves (worn)
Rods
 b - a +7 rod of shadows (13/13)
   (You found it on level 4 of the Lair of Beasts)
 S - a +3 lightning rod (13/13)
   (You took it off a deep elf death mage on level 3 of the Elven Halls)
Jewellery
 i - a +4 ring of dexterity
 x - a ring of resist corrosion (left hand)
 D - a +6 amulet of reflection (around neck)
 T - a ring of protection from fire (right hand)
 X - the ring "Foutseni" {MR+ Dex+2}
   (You acquired it on level 3 of the Shoals)

   [ring of protection from magic]

   It affects your dexterity (+2).
   It affects your resistance to hostile enchantments.
Wands
 j - a wand of disintegration (15/24)
 u - a wand of lightning (8/15)
 B - a wand of confusion (21/48)
 W - a wand of iceblast (9/15)
Scrolls
 c - a scroll of magic mapping
 g - 10 scrolls of identify
 k - 6 scrolls of fog
 l - a scroll of silence
 s - 7 scrolls of teleportation
 v - 2 scrolls of immolation
 G - 14 scrolls of remove curse
 H - 2 scrolls of blinking
 R - 13 scrolls of recharging
Potions
 h - 2 potions of magic
 m - a potion of heal wounds
 n - 6 potions of flight
 q - 2 potions of might
 z - 10 potions of curing
 C - a potion of cure mutation
 E - a potion of invisibility
 L - a potion of haste
 P - a potion of cancellation
 U - a potion of ambrosia
 Y - a potion of resistance
Miscellaneous
 r - a lamp of fire
 w - a phial of floods
 A - a disc of storms
 O - a phantom mirror
Comestibles
 J - 2 beef jerkies


   Skills:
 + Level 17.5 Fighting
   Level 9.6 Long Blades
 - Level 16.0 Axes
   Level 5.1 Staves
 - Level 1.7 Throwing
 - Level 15.5 Armour
 + Level 14.2 Dodging
 - Level 15.3 Shields
 - Level 5.5 Spellcasting
 - Level 5.6 Conjurations
 - Level 4.3 Charms
 - Level 8.0 Summonings
 - Level 11.3 Necromancy
 - Level 4.4 Ice Magic
 * Level 11.9 Evocations


You had 5 spell levels left.
You knew the following spells:

 Your Spells              Type           Power        Failure   Level  Hunger
a - Animate Dead          Necr           N/A          8%          4    ####...
b - Control Undead        Necr           ###.......   8%          4    ####...
c - Ozocubu's Armour      Chrm/Ice       #.......     52%         3    ###....
d - Vampiric Draining     Necr           ###.......   1%          3    ###....
e - Bolt of Draining      Conj/Necr      ##........   85%         5    ######.
f - Sublimation of Blood  Necr           ###.......   1%          2    ##.....
g - Dispel Undead         Necr           ###.....     22%         5    ######.
z - Call Imp              Summ           ##......     6%          2    ##.....


Dungeon Overview and Level Annotations

Branches:
Dungeon (15/15)            Temple (0/1) D:7            Lair (6/6) D:10
 Shoals (4/4) Lair:4       Spider (4/4) Lair:4        Slime (5/5) Lair:6
    Orc (2/2) D:9             Elf (3/3) Orc:2        Vaults (4/5) D:14
  Crypt (0/3) Vaults:3     Depths (5/5) D:15
    Zot: Depths:5

Altars:
Cheibriados
Dithmenos
Elyvilon
Gozag
Hepliaklqana
Kikubaaqudgha
Makhleb
Nemelex Xobeh
Trog
Uskayaw
The Shining One
Jiyva

Shops:
D:4 %   D:11 *   Orc:2 *(=[   Vaults:4 *(**

Portals:
Hell: Depths:1 Depths:2 Depths:3
Pandemonium: Depths:2 Depths:3
Trove: Vaults:2 (give +3 storm dragon scales)

Annotations:
D:3 1 runed door
Lair:5 exclusion: oklob plant
Lair:6 exclusion: ice statue
Shoals:4 exclusion: oklob plant
Depths:5 the Enchantress


Innate Abilities, Weirdness & Mutations

You have a pair of large horns on your head.
You are surrounded by a strong repulsion field. (EV +4, RMsl)
Your flesh is heat resistant. (rF+)
You resist negative energy. (rN+)
You are mostly covered in sharp spines.
You are somewhat able to resist unholy torments (1 in 2 success).
You are immune to clouds of flame.
You can translocate small distances at will.
Your body often deteriorates upon taking damage.
You occasionally shout uncontrollably at your foes.
Your spells are easier to cast, but less powerful.


Message History

The golden eye blinks at you. You resist with almost no effort.
The acid blob hits you! The acid corrodes you!
You are splashed with acid!
The acid burns!
You resist.
In your confused state, you trip and fall back down the stairs.
The acid blob is struck by your spines. The acid blob closely misses you.
The golden eye blinks at you. You resist with almost no effort.
The acid blob hits you!!
* * * LOW HITPOINT WARNING * * *
You are splashed with acid!
The acid burns!
You resist.
* * * LOW HITPOINT WARNING * * *
Unknown command.
The acid blob is struck by your spines. The acid blob hits you!!
* * * LOW HITPOINT WARNING * * *
Your body deteriorates!
You feel weakened.
You are splashed with acid!
The acid burns!
You resist.
* * * LOW HITPOINT WARNING * * *
The acid blob spits acid at you. The splash of acid hits you! You resist.
You die...
Kikubaaqudgha rasps: "You have failed me!
Welcome... death!"

#### ###...#####
##....#....###
##.....††.....###
#......J@........
.......†JG.......
.......GJ........
.................
.................
.................
.................
.................
.................


You could see 3 acid blobs and 2 golden eyes.

Vanquished Creatures
  the Royal Jelly (Slime:5)
  Bai Suzhen (Vaults:4)
  A golden dragon (Depths:3)
  Jorgrun (Shoals:3)
  A lich (Depths:1)
  Asterion (Elf:2)
  4 deep elf blademasters (Elf:3)
  21 acid blobs
  Gastronok (Orc:1)
  A shadow dragon (Depths:3)
  A tengu reaver (Depths:3)
  Donald (Shoals:3)
  A storm dragon (Depths:3)
  Ilsuiw (Shoals:4)
  3 fire giants (Depths:3)
  12 azure jellies
  The ghost of vicissi the Eclecticist, a journeyman DECj of Vehumet (Orc:2)
  7 frost giants
  A ghost moth (shapeshifter) (Elf:2)
  7 vault wardens
  7 ghost moths
  Louise (Elf:2)
  2 emperor scorpions
  5 deep elf sorcerers (Elf:3)
  Aizul (Shoals:2)
  A caustic shrike zombie (Depths:1)
  6 deep elf elementalists (Elf:3)
  A spriggan defender (Depths:3)
  16 stone giants
  11 ironheart preservers
  4 very ugly things
  2 vampire knights
  6 deep elf demonologists
  A lorocyproca (Depths:3)
  8 deep elf annihilators
  8 spark wasps
  2 merfolk javelineers (Shoals:4)
  5 deep elf death magi
  An eidolon (Depths:4)
  4 merfolk impalers
  7 ettins
  13 great orbs of eyes
  7 yaktaur captains
  A jiangshi (Vaults:3)
  11 death oozes
  8 fire dragons
  4 deep elf high priests
  Harold (Orc:1)
  A rakshasa (Vaults:2)
  9 ice dragons
  9 vault guards
  A spriggan air mage (Depths:5)
  2 catoblepae
  8 centaur warriors
  7 hydras
  2 merfolk aquamancers
  4 merfolk avatars
  A death knight (D:15)
  An alligator snapping turtle (Shoals:4)
  The ghost of vicissi the Quickloader, a novice CeHu of Okawaru (D:11)
  The ghost of Darts the Covert, a journeyman OpIE of Vehumet (D:9)
  11 ogre magi
  8 death yaks
  2 tengu warriors
  12 deep troll earth magi
  35 dancing weapons
  7 deep troll shamans
  A vampire mage (Depths:3)
  Urug (D:13)
  3 spriggan berserkers
  3 orc high priests (Orc:2)
  24 deep elf knights
  Nergalle (Lair:1)
  A sun demon (Volcano)
  A fire crab (D:13)
  2 soul eaters (Depths:3)
  5 skeletal warriors (Vaults:2)
  3 iron trolls
  4 glowing orange brains
  34 deep trolls
  2 unseen horrors
  6 flayed ghosts
  9 sea snakes
  2 spectral anacondas (Depths:3)
  4 wizards
  19 deep elf archers
  9 ironbrand convokers
  22 wolf spiders
  4 lindwurms (Lair:4)
  7 hill giants
  2 shadow dragon skeletons (Depths:1)
  11 harpies
  9 phantasmal warriors
  18 orc knights
  A harpy (shapeshifter) (Depths:3)
  3 orc sorcerers
  5 cyclopes
  12 orb spiders
  41 ugly things
  2 manticores (shapeshifter)
  6 shining eyes
  A cyclops (shapeshifter) (Vaults:2)
  65 deep elf magi
  5 elephants
  11 manticores
  7 fauns
  2 guardian serpents (shapeshifter)
  6 black mambas
  6 water nymphs
  10 sirens
  13 vault sentinels
  An eye of devastation (Slime:1)
  A smoke demon (Depths:3)
  2 torpor snails
  11 spiny frogs
  A spiny frog (shapeshifter) (Vaults:3)
  2 gargoyles (D:10)
  An efreet (D:14)
  2 centaur skeletons
  10 komodo dragons
  A spriggan zombie (Depths:1)
  A yaktaur zombie (Depths:1)
  9 demonic crawlers
  2 kobold demonologists (D:15)
  An ice devil (Depths:3)
  2 rime drakes (Lair:4)
  24 yaktaurs
  4 freezing wraiths
  A polar bear (shapeshifter) (D:15)
  2 red devils (Volcano)
  5 tengu conjurers
  A spectral merfolk (Depths:4)
  33 jumping spiders
  4 trolls
  12 merfolk
  6 meliai
  A queen bee (Spider:3)
  3 polar bears
  A wolf spider simulacrum (D:15)
  24 two-headed ogres
  2 wind drakes
  5 hornets
  A jumping spider (shapeshifter) (D:13)
  A blink frog (shapeshifter) (Depths:3)
  A meliai zombie (D:14)
  80 slime creatures
  3 dream sheep (Lair:6)
  10 hippogriffs
  A hippogriff (shapeshifter) (Elf:2)
  A snapping turtle (shapeshifter) (Vaults:2)
  9 snapping turtles
  21 blink frogs
  An ettin zombie (Depths:1)
  55 redbacks
  A vampire (D:14)
  A spriggan (shapeshifter) (Depths:3)
  3 wyverns
  5 air elementals
  Sigmund (D:2)
  21 tarantellas
  A tarantella (shapeshifter) (Depths:2)
  9 water elementals
  6 shadows
  16 humans
  34 yaks
  5 wraiths
  2 spriggans (Depths:3)
  3 basilisks
  A hungry ghost (Shoals:1)
  3 fire elementals
  A golden eye (Slime:5)
  A hog (shapeshifter) (Vaults:2)
  A basilisk (shapeshifter) (Vaults:2)
  A neqoxec (Depths:3)
  2 human simulacra
  Menkaure (D:6)
  A mottled dragon (D:15)
  12 wargs
  Duvessa (D:6)
  A soldier ant (D:10)
  A spectral spriggan (Depths:4)
  7 hell hounds
  13 water moccasins
  A spectral troll (Depths:4)
  6 porcupines
  49 orc warriors
  5 sky beasts
  2 black bears
  A black bear (shapeshifter) (Vaults:2)
  2 hornet zombies
  6 ice beasts
  5 eyes of draining
  A necrophage (D:12)
  A phantom (D:11)
  A spriggan simulacrum (Depths:1)
  An ettin simulacrum (Vaults:1)
  An ogre (shapeshifter) (Vaults:3)
  4 boggarts
  47 ogres
  A tengu (shapeshifter) (D:15)
  25 wolves
  19 centaurs
  11 crocodiles
  The ghost of Darts the Sneak, an amateur OpIE of Sif Muna (D:4)
  9 big kobolds
  9 bullfrogs
  A wyvern zombie (D:7)
  Dowan (D:6)
  A scorpion (D:6)
  A spectral ogre (Depths:4)
  30 killer bees
  2 wights (D:13)
  4 howler monkeys
  3 electric eels
  4 centaur zombies
  9 crimson imps
  A spectral centaur (Depths:4)
  2 quasits
  A bullfrog zombie (D:5)
  6 hounds
  2 jellies (D:9)
  27 orc wizards
  31 orc priests
  A bullfrog skeleton (D:9)
  A hound (shapeshifter) (Vaults:1)
  11 iguanas
  9 worker ants
  A hound zombie (D:10)
  A hound skeleton (D:7)
  15 adders
  3 gnolls (D:3)
  2 howler monkey skeletons
  A shadow imp (D:6)
  3 white imps (Lair:6)
  2 oozes
  2 adder zombies (D:7)
  7 worms
  A dart slug (D:2)
  6 leopard geckos
  109 orcs
  A ball python (D:1)
  9 bats
  7 giant cockroaches
  13 goblins
  8 hobgoblins
  5 jackals
  34 kobolds
  A quokka (shapeshifter) (D:15)
  6 quokkas
  3 frilled lizards
  5 rats
  4 crawling corpses
  2 plants (Shoals:4)
  5 tentacles
1863 creatures vanquished.

Vanquished Creatures (collateral kills)
  An acid blob (Slime:3)
  A titan (Depths:3)
  Polyphemus (Shoals:3)
  2 krakens
  An azure jelly (Slime:3)
  A fire giant (Depths:3)
  2 vault wardens
  An orc warlord (Orc:2)
  A ghost moth (Spider:2)
  A deep elf elementalist (Elf:3)
  6 ironheart preservers
  2 war gargoyles
  3 stone giants
  A vampire knight (Depths:3)
  An entropy weaver (Spider:4)
  3 deep elf annihilators
  3 spark wasps
  The ghost of Oroborous the Fighter, a journeyman DsWr of Kikubaaqudgha (D:11)
  2 fire dragons
  2 eidola (Depths:4)
  4 merfolk javelineers (Shoals:4)
  4 merfolk impalers
  6 ettins
  Josephine (Lair:6)
  2 yaktaur captains
  A deep elf high priest (Elf:3)
  3 ice dragons
  A spriggan air mage (Depths:3)
  A hell beast (Depths:1)
  A great orb of eyes (Slime:3)
  A rakshasa (Depths:3)
  3 merfolk avatars
  A vault guard (Vaults:3)
  A merfolk aquamancer (Shoals:4)
  A centaur warrior (D:15)
  An alligator snapping turtle (Shoals:4)
  A deep troll earth mage (Depths:2)
  2 death yaks (Lair:6)
  2 deep troll shamans
  5 ogre magi
  2 deep elf knights
  A spriggan berserker (Depths:3)
  Sonja (Lair:4)
  2 iron trolls (Depths:1)
  An unseen horror (shapeshifter) (Vaults:2)
  A wizard (Depths:3)
  6 slime creatures
  4 deep trolls
  A spectral minotaur (Depths:4)
  2 harpies (Shoals:3)
  A necromancer (Depths:1)
  2 ironbrand convokers
  3 deep elf magi
  A phantasmal warrior (Vaults:4)
  4 deep elf archers
  2 orb spiders
  2 shining eyes
  6 wolf spiders
  A cyclops (Vaults:2)
  4 manticores (Shoals:4)
  3 oklob plants (Lair:1)
  3 fauns (Shoals:1)
  A salamander (shapeshifter) (Depths:3)
  A moth of wrath (Spider:2)
  3 ugly things
  4 elephants (Lair:6)
  4 sirens
  3 vault sentinels
  2 water nymphs (Shoals:4)
  2 black mambas (Lair:5)
  10 demonic crawlers
  10 yaktaurs
  A red devil (Volcano)
  6 merfolk
  A wind drake (Shoals:4)
  A troll (Vaults:2)
  12 jumping spiders
  3 two-headed ogres
  8 hornets
  A raiju (Depths:4)
  5 dream sheep
  A meliai zombie (D:15)
  3 water elementals
  5 yaks
  15 redbacks
  A tarantella (shapeshifter) (Depths:5)
  A wyvern (D:15)
  3 wraiths
  2 spriggans (Depths:3)
  14 tarantellas
  5 wargs
  A soldier ant (shapeshifter) (Vaults:3)
  2 hell hounds
  A spectral spriggan (Depths:4)
  6 orc warriors
  A sky beast (Orc:2)
  4 ice beasts (Lair:6)
  4 ogres
  A boggart (Vaults:1)
  A wolf (Depths:4)
  2 centaurs
  3 bullfrogs
  A wight (D:13)
  An iguana (D:11)
  2 worker ants
  13 orcs
  5 plants
  2 tentacles (Shoals:1)
309 creatures vanquished.

Vanquished Creatures (others)
  A deep elf master archer (Elf:3)
  2 merfolk javelineers (Shoals:4)
  A great orb of eyes (Depths:3)
  A yaktaur captain (Depths:3)
  5 centaur warriors
  A tengu warrior (Depths:1)
  2 deep elf knights
  3 deep elf magi
  3 deep elf archers
  A faun (Shoals:1)
  2 cyclopes
  10 yaktaurs
  A slime creature (Slime:4)
  An air elemental (Elf:1)
  A tarantella (Spider:3)
  A soldier ant (shapeshifter) (Vaults:4)
  An orc warrior (Orc:2)
  An ogre (Orc:2)
  4 boggarts
  4 centaurs (Depths:2)
  An orc wizard (D:13)
  A shadow imp (D:9)
  3 orcs
  A quokka (D:9)
  A kobold (D:11)
  21 fungi
  36 plants
  11 tentacles
121 creatures vanquished.

Grand Total: 2293 creatures vanquished

Notes
Turn   | Place    | Note
-------+----------+-------------------------------------------
     0 | D:1      | Jraekied the Demonspawn Gladiator began the quest for the Orb.
     0 | D:1      | Reached XP level 1. HP: 16/16 MP: 1/1
   152 | D:1      | Gained mutation: You have a pair of small horns on your head. [demonic ancestry]
   152 | D:1      | Reached XP level 2. HP: 19/23 MP: 2/2
  1194 | D:2      | Reached skill level 3 in Fighting
  1194 | D:2      | Gained mutation: You are partially covered in sharp spines. [demonic ancestry]
  1194 | D:2      | Reached XP level 3. HP: 27/29 MP: 3/3
  1320 | D:2      | Gained mutation: Your flesh is heat resistant. (rF+) [demonic ancestry]
  1320 | D:2      | Reached XP level 4. HP: 26/35 MP: 4/4
  1421 | D:2      | Found a faded altar of an unknown god.
  1434 | D:2      | Noticed Sigmund
  1467 | D:2      | Killed Sigmund
  1467 | D:2      | Reached skill level 4 in Fighting
  1467 | D:2      | Gained mutation: You are mostly covered in sharp spines. [demonic ancestry]
  1467 | D:2      | Reached XP level 5. HP: 25/43 MP: 5/5
  2097 | D:2      | Became a worshipper of Kikubaaqudgha
  2097 | D:2      | Reached * piety under Kikubaaqudgha
  2097 | D:2      | Identified Kikubaaqudgha's Handbook of Evil (Kikubaaqudgha gifted it to you on level 2 of the Dungeon)
  2097 | D:2      | Received a gift from Kikubaaqudgha
  2387 | D:3      | Reached XP level 6. HP: 47/50 MP: 6/6
  2458 | D:3      | Reached skill level 5 in Fighting
  2698 | D:3      | Noticed an ice beast
  2707 | D:3      | Killed an ice beast
  2707 | D:3      | Reached skill level 5 in Staves
  2773 | D:3      | Found a runed door.
  2909 | D:3      | Learned a level 3 spell: Vampiric Draining
  3008 | D:3      | Reached ** piety under Kikubaaqudgha
  3157 | D:3      | Reached skill level 1 in Necromancy
  3483 | D:4      | Gained mutation: You are surrounded by a mild repulsion field. (EV +2) [demonic ancestry]
  3483 | D:4      | Reached XP level 7. HP: 51/56 MP: 7/7
  3500 | D:4      | Found Jypieh's Food Boutique.
  3511 | D:4      | Noticed Darts's ghost (amateur OpIE)
  3535 | D:4      | Killed Darts's ghost
  3553 | D:4      | Reached skill level 6 in Fighting
  3846 | D:4      | Found a hide-covered altar of Uskayaw.
  3868 | D:4      | Noticed a moth of wrath
  3871 | D:4      | Found a bloodstained altar of Trog.
  4002 | D:5      | Entered Level 5 of the Dungeon
  4002 | D:5      | Found a shadowy altar of Dithmenos.
  4127 | D:5      | Reached skill level 1 in Spellcasting
  4131 | D:5      | Gained mutation: You are surrounded by a moderate repulsion field. (EV +3) [demonic ancestry]
  4131 | D:5      | Reached XP level 8. HP: 51/65 MP: 7/9
  4408 | D:6      | Noticed Menkaure
  4420 | D:6      | Killed Menkaure
  4420 | D:6      | Reached skill level 5 in Necromancy
  4496 | D:6      | Reached *** piety under Kikubaaqudgha
  4496 | D:6      | Identified Kikubaaqudgha's Handbook of Stolen Souls (Kikubaaqudgha gifted it to you on level 6 of the Dungeon)
  4496 | D:6      | Received a gift from Kikubaaqudgha
  4527 | D:6      | Learned a level 4 spell: Animate Dead
  4531 | D:6      | Learned a level 3 spell: Ozocubu's Armour
  4584 | D:6      | Found an opulent altar of Gozag.
  4584 | D:6      | Found a glowing golden altar of the Shining One.
  4778 | D:6      | Noticed Dowan
  4806 | D:6      | Killed Dowan
  4886 | D:6      | Reached XP level 9. HP: 60/71 MP: 15/15
  4939 | D:6      | Noticed Duvessa
  4950 | D:6      | Killed Duvessa
  5277 | D:7      | Found a burning altar of Makhleb.
  5277 | D:7      | Found a staircase to the Ecumenical Temple.
  6357 | D:7      | Found a snail-covered altar of Cheibriados.
  6507 | D:8      | Reached skill level 1 in Armour
  6507 | D:8      | Reached skill level 1 in Charms
  6507 | D:8      | Reached skill level 1 in Ice Magic
  6956 | D:8      | Noticed a hill giant
  7003 | D:8      | Killed a hill giant
  7059 | D:8      | Reached **** piety under Kikubaaqudgha
  7316 | D:8      | Reached XP level 10. HP: 69/77 MP: 16/16
  7479 | D:9      | Found a faded altar of an unknown god.
  7479 | D:9      | Found a faded altar of an unknown god.
  7484 | D:9      | Found a faded altar of an unknown god.
  7486 | D:9      | Found a faded altar of an unknown god.
  7488 | D:9      | Found an ancient bone altar of Kikubaaqudgha.
  7525 | D:9      | Found a white marble altar of Elyvilon.
  7874 | D:9      | Noticed Darts's ghost (journeyman OpIE)
  7932 | D:9      | Killed Darts's ghost
  8355 | D:9      | Found a staircase to the Orcish Mines.
  8504 | D:9      | Found a hazy altar of Hepliaklqana.
  8571 | D:9      | Reached skill level 5 in Shields
  8810 | D:10     | Entered Level 10 of the Dungeon
  8920 | D:10     | Reached ***** piety under Kikubaaqudgha
  8997 | D:10     | Found a staircase to the Lair.
  9091 | D:10     | Noticed a gargoyle
  9093 | D:10     | Killed a gargoyle
  9551 | D:11     | Found Leemukk's Assorted Antiques.
  9562 | D:11     | Bought a potion of heal wounds for 120 gold pieces
  9562 | D:11     | Bought a war axe for 84 gold pieces
  9582 | D:11     | Reached skill level 7 in Fighting
  9632 | D:11     | Noticed a hill giant
  9645 | D:11     | Killed a hill giant
  9645 | D:11     | Reached skill level 1 in Axes
  9698 | D:11     | Noticed Oroborous's ghost (journeyman DsWr)
  9713 | D:11     | Noticed a manticore
  9725 | D:11     | Killed a manticore
  9760 | D:11     | Noticed vicissi's ghost (novice CeHu)
  9816 | Lair:1   | Entered Level 1 of the Lair of Beasts
  9834 | Lair:1   | Reached XP level 11. HP: 57/84 MP: 17/17
  9957 | Lair:1   | Noticed Nergalle
 10025 | Lair:1   | Noticed a spectral orc warlord
 10329 | D:10     | Reached skill level 1 in Long Blades
 10685 | Lair:1   | Killed Nergalle
 11148 | Lair:1   | Noticed an oklob plant
 11148 | Lair:1   | Noticed an oklob plant
 11148 | Lair:1   | Noticed an oklob plant
 11693 | Lair:2   | Reached skill level 5 in Long Blades
 11815 | Lair:1   | Learned a level 2 spell: Call Imp
 11931 | Lair:1   | Noticed a four-headed hydra
 11938 | Lair:1   | Killed a one-headed hydra
 11938 | Lair:1   | Reached skill level 1 in Summonings
 12362 | Lair:2   | Gained mutation: You are immune to clouds of flame. [demonic ancestry]
 12362 | Lair:2   | Reached XP level 12. HP: 78/92 MP: 19/19
 12382 | Lair:2   | Reached skill level 5 in Spellcasting
 13720 | Lair:3   | Reached skill level 5 in Summonings
 13893 | Lair:3   | Identified a +2 rod of shadows (13/13) (You found it on level 3 of the Lair of Beasts)
 13895 | Lair:3   | Identified a scroll of acquirement
 14085 | Lair:3   | Noticed an eight-headed hydra
 14094 | Lair:3   | Killed a seven-headed hydra
 14473 | Lair:3   | Reached skill level 8 in Fighting
 14869 | Lair:4   | Found a dark tunnel.
 14874 | Volcano  | Entered a volcano
 15199 | Volcano  | Gained mutation: Your flesh is cold resistant. (rC+) [potion of mutation]
 15199 | Volcano  | Gained mutation: You have sharp toenails. [potion of mutation]
 15199 | Volcano  | Gained mutation: You are frail. (-10% HP) [potion of mutation]
 15200 | Volcano  | Gained mutation: You can translocate small distances at will. [potion of mutation]
 15200 | Volcano  | Gained mutation: Potions and wands are less effective at restoring your health. [potion of mutation]
 15201 | Volcano  | Lost mutation: You are frail. (-10% HP) [potion of cure mutation]
 15201 | Volcano  | Lost mutation: Your flesh is cold resistant. (rC+) [potion of cure mutation]
 15201 | Volcano  | Lost mutation: Potions and wands are less effective at restoring your health. [potion of cure mutation]
 15201 | Volcano  | Lost mutation: You have sharp toenails. [potion of cure mutation]
 15566 | Lair:4   | Got a glittering emerald amulet
 15707 | Lair:1   | Identified the amulet of Gaxtuh {Inacc rElec Dex+3 Stlth-} (You found it on level 4 of the Lair of Beasts)
 15718 | Lair:1   | Identified a +7 rod of shadows (13/13) (You found it on level 4 of the Lair of Beasts)
 15938 | Lair:4   | Found a staircase to the Shoals.
 16009 | Lair:4   | Noticed Sonja
 16126 | Lair:4   | Reached skill level 1 in Evocations
 16130 | Lair:4   | Reached skill level 9 in Fighting
 16132 | Lair:4   | Found a hole to the Spider Nest.
 16328 | Lair:4   | Killed Sonja
 16328 | Lair:4   | Gained mutation: You have a pair of horns on your head. [demonic ancestry]
 16328 | Lair:4   | Reached XP level 13. HP: 74/101 MP: 21/21
 16624 | Lair:5   | Reached ****** piety under Kikubaaqudgha
 17761 | Orc:1    | Entered Level 1 of the Orcish Mines
 17766 | Orc:1    | Noticed a stone giant
 17783 | Orc:1    | Killed a stone giant
 17783 | Orc:1    | Reached skill level 5 in Evocations
 17813 | Orc:1    | Noticed Gastronok
 17829 | Orc:1    | Killed Gastronok
 17883 | Orc:1    | Noticed an ettin
 17894 | Orc:1    | Noticed Harold
 18381 | D:11     | Killed Oroborous's ghost
 18509 | D:11     | Killed vicissi's ghost
 19719 | Orc:1    | Killed an ettin
 20032 | Orc:1    | Killed Harold
 20543 | Orc:2    | Entered Level 2 of the Orcish Mines
 20561 | Orc:2    | Noticed Maurice
 20563 | Orc:2    | Noticed Maurice
 20563 | Orc:2    | Maurice changed into Maurice the sky beast
 20568 | Orc:2    | Killed Maurice the sky beast
 20613 | Orc:2    | Found Opevett's Jewellery Shoppe.
 20618 | Orc:2    | Reached XP level 14. HP: 108/108 MP: 22/22
 20623 | Orc:2    | Noticed an orc warlord
 21181 | Orc:2    | Found a staircase to the Elven Halls.
 21217 | Orc:1    | Reached skill level 5 in Armour
 21531 | Orc:2    | Noticed vicissi's ghost (journeyman DECj)
 21999 | Lair:6   | Entered Level 6 of the Lair of Beasts
 22054 | Lair:6   | Noticed Josephine
 22068 | Lair:6   | Killed Josephine
 23165 | Lair:6   | Found a viscous altar of Jiyva.
 23165 | Lair:6   | Found a staircase to the Slime Pits.
 23969 | Lair:6   | Reached skill level 10 in Shields
 24121 | Lair:6   | Got an ichor-stained double sword
 24122 | Lair:6   | Identified the +1 double sword of Unreason {freeze, *Slow rF+ Dex+4} (You acquired it on level 6 of the Lair of Beasts)
 24867 | Orc:2    | Found Othrusit's Antique Armour Boutique.
 24902 | Orc:2    | Killed vicissi's ghost
 25187 | Orc:2    | Killed an orc warlord
 25358 | Orc:2    | Found Satumuw's Antique Weapon Boutique.
 25366 | Orc:2    | Bought a polished hand axe for 248 gold pieces
 25366 | Orc:2    | Identified the +9 hand axe of Noxezuv {venom, rF+ Str+3 Stlth+} (You bought it in a shop on level 2 of the Orcish Mines)
 25586 | Orc:2    | Found Tamiu's General Store.
 25963 | D:13     | Noticed Urug
 25982 | D:13     | Killed Urug
 26330 | D:13     | Gained mutation: You resist negative energy. (rN+) [demonic ancestry]
 26330 | D:13     | Reached XP level 15. HP: 112/114 MP: 23/23
 26648 | D:13     | Identified a +7 war axe of pain (a +5 war axe bloodied by Kikubaaqudgha)
 26648 | D:13     | Received a gift from Kikubaaqudgha
 27835 | Spider:1 | Entered Level 1 of the Spider Nest
 28087 | Spider:1 | Reached skill level 10 in Necromancy
 28125 | Spider:1 | Reached skill level 5 in Axes
 28646 | Spider:1 | Noticed a ghost moth
 28664 | Spider:1 | Killed a ghost moth
 29811 | Spider:2 | Noticed a ghost moth
 29836 | Spider:2 | Killed a ghost moth
 30883 | Spider:3 | Noticed a ghost moth
 30896 | Spider:3 | Killed a ghost moth
 31061 | Spider:3 | Noticed a ghost moth
 31199 | Spider:3 | Reached XP level 16. HP: 39/120 MP: 7/24
 32230 | Spider:4 | Entered Level 4 of the Spider Nest
 33125 | Spider:4 | Reached skill level 10 in Fighting
 33253 | Spider:4 | Reached skill level 10 in Axes
 33947 | Spider:4 | Got a gossamer rune of Zot
 34331 | Lair:1   | Learned a level 4 spell: Control Undead
 34406 | D:14     | Found a gate to the Vaults.
 34467 | D:13     | HP: 5/123 [meliai/hand axe (6)]
 34467 | D:13     | HP: 1/123 [meliai/hand axe (4)]
 35360 | D:14     | Found a sparkling altar of Nemelex Xobeh.
 35952 | D:15     | Entered Level 15 of the Dungeon
 36134 | D:15     | Reached XP level 17. HP: 130/130 MP: 25/25
 36420 | D:15     | Reached skill level 11 in Fighting
 36876 | D:15     | Found a staircase to the Depths.
 37099 | Shoals:1 | Entered Level 1 of the Shoals
 37569 | Shoals:1 | Noticed a kraken
 37580 | Shoals:1 | Killed a kraken
 38186 | Shoals:2 | Noticed Aizul
 38331 | Shoals:2 | Killed Aizul
 38817 | Shoals:3 | Noticed Donald
 38852 | Shoals:3 | Killed Donald
 38891 | Shoals:3 | Noticed Polyphemus
 38908 | Shoals:3 | Killed Polyphemus
 38926 | Shoals:3 | Noticed Jorgrun
 39563 | Shoals:3 | Killed Jorgrun
 39697 | Shoals:3 | Got a faintly glowing wooden ring
 39699 | Shoals:3 | Identified the ring "Foutseni" {MR+ Dex+2} (You acquired it on level 3 of the Shoals)
 39702 | Shoals:3 | Got a slimy granite ring
 39704 | Shoals:3 | Identified the ring "Eggunown" {rPois rN+++ MR+ Str-5 Dex-3} (You acquired it on level 3 of the Shoals)
 40199 | Shoals:4 | Entered Level 4 of the Shoals
 40603 | Shoals:4 | Reached XP level 18. HP: 67/138 MP: 26/26
 40766 | Shoals:4 | Noticed Ilsuiw
 40780 | Shoals:4 | Killed Ilsuiw
 41146 | Shoals:4 | Found a burning altar of Makhleb.
 41515 | Shoals:4 | Got a barnacled rune of Zot
 41988 | Orc:2    | Bought a runed hunting sling for 232 gold pieces
 42035 | Orc:2    | Bought a book of Death for 840 gold pieces
 42035 | Orc:2    | Bought a scroll of identify for 24 gold pieces
 42041 | Orc:2    | Learned a level 5 spell: Bolt of Draining
 42044 | Orc:2    | Learned a level 2 spell: Sublimation of Blood
 42436 | Vaults:1 | Entered Level 1 of the Vaults
 43727 | Vaults:2 | Reached skill level 15 in Shields
 43988 | Vaults:2 | Reached skill level 15 in Axes
 44640 | Vaults:2 | Reached XP level 19. HP: 138/144 MP: 27/27
 44676 | Vaults:2 | Found a portal to a secret trove of treasure.
 45214 | Vaults:3 | Reached skill level 10 in Armour
 45869 | Vaults:3 | Reached skill level 1 in Conjurations
 46093 | Vaults:3 | Found a staircase to the Crypt.
 46756 | Lair:1   | Learned a level 5 spell: Dispel Undead
 46841 | Elf:1    | Entered Level 1 of the Elven Halls
 46854 | Elf:1    | Reached skill level 5 in Dodging
 46971 | Elf:1    | Reached skill level 5 in Conjurations
 47403 | Orc:2    | Bought 2 potions of might for 96 gold pieces
 48221 | Vaults:4 | Found Plog's Weapon Shoppe.
 48258 | Vaults:4 | Found Lenebue's General Store.
 48324 | Vaults:4 | Noticed Bai Suzhen
 48357 | Vaults:4 | Killed Bai Suzhen
 48357 | Vaults:4 | Reached skill level 12 in Fighting
 48755 | Vaults:4 | Gained mutation: You are somewhat able to resist unholy torments (1 in 2 success). [demonic ancestry]
 48755 | Vaults:4 | Reached XP level 20. HP: 153/153 MP: 28/28
 49047 | Vaults:4 | Found Axirgh's Assorted Antiques.
 49057 | Vaults:4 | Bought a scroll of blinking for 330 gold pieces
 50366 | Vaults:4 | Found Qiebo's Assorted Antiques.
 50374 | Vaults:4 | Bought a scroll of teleportation for 99 gold pieces
 50374 | Vaults:4 | Bought a scroll of teleportation for 99 gold pieces
 51069 | Depths:1 | Entered Level 1 of the Depths
 51069 | Depths:1 | Found Jobuis's Food Shoppe.
 51392 | Depths:1 | Found a gateway to Hell.
 51557 | Depths:1 | Reached skill level 13 in Fighting
 53642 | Depths:2 | Found a one-way gate leading to the halls of Pandemonium.
 53926 | Depths:2 | Identified the +10 war axe of Utzuqav {drain, SInv Stlth+} (You found it on level 2 of the Depths)
 54205 | Depths:3 | Reached XP level 21. HP: 133/164 MP: 29/29
 54479 | Depths:3 | Reached skill level 14 in Fighting
 54479 | Depths:3 | Reached skill level 10 in Dodging
 55343 | Depths:3 | Noticed a golden dragon
 55370 | Depths:3 | Killed a golden dragon
 56326 | Depths:3 | Reached skill level 15 in Fighting
 57415 | Depths:5 | Entered Level 5 of the Depths
 57415 | Depths:5 | Noticed the Enchantress
 57463 | Depths:5 | Gained mutation: You have a pair of large horns on your head. [demonic ancestry]
 57463 | Depths:5 | Reached XP level 22. HP: 148/175 MP: 30/30
 59333 | Elf:2    | Found a runed gate.
 59333 | Elf:2    | Found a runed gate.
 59333 | Elf:2    | Found a runed gate.
 59553 | Elf:2    | Noticed Louise
 59554 | Elf:2    | Reached skill level 16 in Fighting
 59570 | Elf:2    | Killed Louise
 59954 | Elf:2    | Noticed Asterion
 59970 | Elf:2    | Killed Asterion
 60181 | Elf:3    | Entered Level 3 of the Elven Halls
 60651 | Elf:3    | Reached skill level 15 in Armour
 61007 | Elf:3    | Identified the cursed +1 chain mail "Zeulaack" {Dex+4} (You took it off a deep elf blademaster on level 3 of the Elven Halls)
 61010 | Elf:3    | Got a coiled jade ring
 61011 | Elf:3    | Identified the ring "Kutuwa" {+Inv Int+2 Dex+2} (You took it off a deep elf elementalist on level 3 of the Elven Halls)
 61191 | Elf:3    | Got a twisted battleaxe {chop}
 61192 | Elf:3    | Identified the +11 battleaxe "Botus" {chop, rF- Dex+4} (You took it off a deep elf sorcerer on level 3 of the Elven Halls)
 62014 | Elf:3    | Gained mutation: You are surrounded by a strong repulsion field. (EV +4, RMsl) [demonic ancestry]
 62014 | Elf:3    | Reached XP level 23. HP: 186/186 MP: 31/31
 62275 | Elf:3    | Got a scorched scale mail
 62284 | Elf:3    | Identified the +1 scale mail of Good Intentions {*Slow Str+5 Int+8 Dex+2} (You found it on level 3 of the Elven Halls)
 63415 | Slime:1  | Entered Level 1 of the Pits of Slime
 63816 | Slime:2  | Gained mutation: You are weak. (Str -2) [a shining eye]
 63821 | Slime:2  | Reached skill level 17 in Fighting
 63826 | Slime:2  | Reached skill level 10 in Evocations
 64195 | Slime:3  | Gained mutation: Your spells are a little easier to cast, but a little less powerful. [a shining eye]
 64540 | Slime:5  | Entered Level 5 of the Pits of Slime
 64599 | Slime:4  | Gained mutation: Your body sometimes deteriorates upon taking damage. [a shining eye]
 64605 | Slime:4  | Gained mutation: Your body often deteriorates upon taking damage. [a shining eye]
 65162 | Slime:5  | Noticed the Royal Jelly
 65165 | Slime:4  | Gained mutation: You occasionally shout uncontrollably at your foes. [a shining eye]
 65169 | Slime:4  | Gained mutation: Your spells are easier to cast, but less powerful. [a shining eye]
 65185 | Slime:5  | Killed the Royal Jelly
 65411 | Slime:5  | Lost mutation: You are weak. (Str -2) [a shining eye]
 65479 | Slime:5  | HP: 6/188 [acid blob (33)]
 65479 | Slime:5  | HP: 2/188 [acid (4)]
 65479 | Slime:5  | Killed from afar by an acid blob

Skill      XL: |  1  2  3  4  5  6  7  8  9 10 11 12 13 14 15 16 17 18 19 20 21 22 23 |
---------------+----------------------------------------------------------------------+-----
Staves         | 3 4 5 |  5.1
Fighting       | 3 4 5 6 7 9 10 11 12 13 15 16 17 | 17.5
Necromancy     | 1 4 7 9 11 | 11.3
Spellcasting   | 1 4 5 |  5.5
Armour         | 1 4 8 9 10 12 14 15 | 15.5
Charms         | 2 4 |  4.3
Ice Magic      | 3 4 |  4.4
Shields        | 3 6 8 9 10 11 12 13 15 | 15.3
Axes           | 1 2 8 11 13 15 16 | 16.0
Long Blades    | 6 7 8 9 |  9.6
Summonings     | 3 8 |  8.0
Evocations     | 1 8 9 11 | 11.9
Conjurations   | 5 |  5.6
Dodging        | 6 9 11 13 14 | 14.2
Throwing       | |  1.7

Action                   |  1- 3 |  4- 6 |  7- 9 | 10-12 | 13-15 | 16-18 | 19-21 | 22-24 || total
-------------------------+-------+-------+-------+-------+-------+-------+-------+-------++-------
Melee: Quarterstaff      |    73 |    85 |   234 |   163 |       |       |       |       ||   555
       Headbutt          |     5 |    14 |    40 |   168 |   317 |   288 |   487 |   232 ||  1551
       War axe           |       |       |       |   131 |   346 |  1372 |  1547 |   860 ||  4256
       Demon blade       |       |       |       |   550 |  1133 |     8 |       |       ||  1691
       Hand axe          |       |       |       |       |    10 |       |       |       ||    10
 Fire: Hunting sling     |    19 |    77 |   114 |    93 |       |     1 |       |       ||   304
Throw: Throwing net      |     5 |       |       |       |     4 |     1 |     3 |       ||    13
       Stone             |       |       |       |     2 |    10 |    35 |       |    24 ||    71
 Cast: Vampiric Draining |       |       |       |    26 |     8 |     1 |     5 |       ||    40
       Animate Dead      |       |       |       |       |     1 |    22 |    52 |    10 ||    85
       Call Imp          |       |       |       |       |       |     1 |       |       ||     1
       Control Undead    |       |       |       |       |       |     1 |     2 |       ||     3
Invok: Brand Weapon With |       |       |       |       |     1 |       |       |       ||     1
       Receive Corpses   |       |       |       |       |       |       |     2 |     3 ||     5
       Torment           |       |       |       |       |       |       |     1 |     2 ||     3
 Abil: Blink             |       |       |       |       |     1 |       |     1 |       ||     2
Evoke: Wand              |       |       |     2 |    18 |    19 |    24 |     9 |     2 ||    74
       Rod               |       |       |       |    16 |    87 |    70 |    76 |    26 ||   275
       Phantom mirror    |       |       |       |       |     2 |       |     1 |       ||     3
       Disc of storms    |       |       |       |       |     8 |     4 |       |       ||    12
       Box of beasts     |       |       |       |       |     1 |     1 |     3 |       ||     5
       Phial of floods   |       |       |       |       |       |     2 |     6 |       ||     8
  Use: Potion            |       |     3 |     2 |    17 |    14 |     5 |     4 |     4 ||    49
       Scroll            |       |     2 |    15 |    20 |    14 |     9 |    13 |    10 ||    83
 Stab: Confused          |       |       |     1 |       |     1 |       |       |       ||     2
       Distracted        |       |       |       |     4 |     5 |    17 |    24 |     2 ||    52
       Invisible         |       |       |       |       |     3 |     1 |       |       ||     4
       Petrifying        |       |       |       |       |       |       |     1 |       ||     1
       Paralysed         |       |       |       |       |       |       |       |     1 ||     1
  Eat: Chunk             |     1 |     6 |     7 |    13 |    20 |    11 |    24 |    10 ||    92
       Meat ration       |       |       |     1 |     5 |     2 |     1 |     4 |     1 ||    14
       Fruit             |       |       |       |     1 |       |     3 |     3 |       ||     7
       Royal jelly       |       |       |       |     1 |     2 |     3 |     1 |       ||     7
       Bread ration      |       |       |       |       |    10 |    10 |     5 |     5 ||    30
       Beef jerky        |       |       |       |       |     1 |     2 |       |       ||     3
       Pizza             |       |       |       |       |       |       |     5 |       ||     5
Armor: Leather armour    |    22 |    22 |     8 |       |       |       |       |       ||    52
       Skin              |       |    11 |       |       |       |       |       |       ||    11
       Ring mail         |       |       |    53 |    21 |       |       |       |       ||    74
       Chain mail        |       |       |       |   216 |   396 |   368 |   241 |   153 ||  1374
Dodge: Dodged            |    50 |    68 |   164 |   147 |   134 |   138 |   227 |   145 ||  1073
       Deflected         |       |       |       |       |       |       |       |    13 ||    13
Block: Other             |       |       |    37 |    46 |       |       |       |       ||    83
       Shield            |       |       |       |  1256 |  2460 |  2291 |  2002 |  1021 ||  9030
       Reflection        |       |       |       |     6 |    37 |   184 |   147 |    89 ||   463
       Rpst.: Demon blade |       |       |       |     9 |    10 |       |       |       ||    19
